 Dungeon Crawl Stone Soup version 0.31-a0-1104-g3bd3108e02 (webtiles) character file.

Game seed: 4933978553888140831

108181 Dirtsage the Severer (level 16, -2/145 HPs)
             Began as a Minotaur Fighter on Dec 2, 2023.
             Was the Champion of the Shining One.
             Killed from afar by a shock serpent (3 damage)
             ... with an electric aura
             ... on level 2 of the Snake Pit.
             The game lasted 00:47:35 (21122 turns).

Dirtsage the Severer (Minotaur Fighter)            Turns: 21122, Time: 00:47:36

Health: -2/145     AC: 17    Str: 28    XL:     16   Next: 2%
Magic:  22/22      EV: 16    Int:  8    God:    the Shining One [******]
Gold:   924        SH: 13    Dex: 16    Spells: 13/15 levels left

rFire   + + .        z - +7 broad axe (heavy)
rCold   . . .        w - +0 kite shield {rC+}
rNeg    + + +        y - +0 fire dragon scales
rPois   .            u - +0 hat of Purergh {Rampage rPois Int+3}
rElec   .            M - scarf {repulsion}
rCorr   .            T - +0 pair of gloves of the Original Sin {Rampage Str+3 Dex+2 Slay+3}
SInv    .            v - +1 pair of boots
Will    +....        P - amulet of regeneration Stlth
                     a - +5 ring of evasion
HPRegen 1.24/turn    W - ring of wizardry
MPRegen 0.18/turn

%: repel missiles, rampage, wizardry (x1)
@: lethally poisoned (-2 -> -5), poison vulnerable, slowed, glowing,
constricted, very slow
A: horns 2, retaliatory headbutt
a: Renounce Religion, Divine Shield, Cleansing Flame, Summon Divine Warrior,
Brand Weapon With Holy Wrath


You were on level 2 of the Snake Pit.
You worshipped the Shining One.
The Shining One was exalted by your worship.
You visited 5 branches of the dungeon, and saw 23 of its levels.
You visited 1 bazaar.

You collected 2699 gold pieces.
You spent 1775 gold pieces at shops.

Inventory:

Hand Weapons
 z - a +7 heavy broad axe (weapon)
 E - a +3 flail of protection
 V - a +1 war axe of freezing
Missiles
 k - 5 curare-tipped darts (quivered)
 Q - 4 throwing nets
Armour
 u - the +0 hat of Purergh (worn) {Rampage rPois Int+3}
   (You acquired it on level 13 of the Dungeon)

   Int+3:     It affects your intelligence (+3).
   rPois:     It protects you from poison Rampage: It bestows one free step when
   moving towards enemies.
 v - a +1 pair of boots (worn)
 w - a +0 kite shield of cold resistance (worn)
 y - +0 fire dragon scales (worn)
 M - a scarf of repulsion (worn)
 T - the +0 pair of gloves of the Original Sin (worn) {Rampage Str+3 Dex+2 Slay+3}
   (You found it on level 5 of the Lair of Beasts)

   Str+3:     It affects your strength (+3).
   Dex+2:     It affects your dexterity (+2).
   Slay+3:    It affects your accuracy & damage with ranged weapons and melee
   (+3).
   Rampage:   It bestows one free step when moving towards enemies.
 U - the +7 plate armour of Okawaru's Delight {rCorr Str+3 Dex+4}
   (You found it on level 11 of the Dungeon)

   Str+3:     It affects your strength (+3).
   Dex+4:     It affects your dexterity (+4).
   rCorr:     It protects you from acid and corrosion.
Jewellery
 a - a +5 ring of evasion (left hand)
 o - a ring of flight
 x - an amulet of guardian spirit
 G - an amulet of faith
 I - a ring of protection from cold
 P - an amulet of regeneration (around neck)
 W - a ring of wizardry (right hand)
Talismans
 c - a granite talisman
Wands
 m - a wand of flame (14)
 A - a wand of mindburst (13)
 D - a wand of digging (19)
 O - a wand of iceblast (13)
 X - a wand of light (3)
Scrolls
 b - 2 scrolls of summoning
 f - 3 scrolls of fog
 g - 4 scrolls of fear
 i - 2 scrolls of identify
 j - 6 scrolls of immolation
 r - 5 scrolls of revelation
 s - a scroll of enchant weapon
 t - 10 scrolls of teleportation
 B - 7 scrolls of blinking
 J - 2 scrolls of enchant armour
 K - a scroll of brand weapon
 R - a scroll of silence
 S - a scroll of amnesia
 Z - 2 scrolls of poison
Potions
 d - 2 potions of brilliance
 e - 4 potions of ambrosia
 h - 4 potions of haste
 l - 8 potions of heal wounds
 n - a potion of resistance
 p - 2 potions of cancellation
 q - 8 potions of curing
 C - a potion of magic
 F - 7 potions of enlightenment
 H - 5 potions of mutation
 L - 2 potions of lignification
 Y - 3 potions of attraction
Miscellaneous
 N - a phial of floods


   Skills:
 + Level 13.7 Fighting
 - Level 18.0 Axes
 + Level 13.7 Armour
 + Level 9.3 Dodging
 + Level 13.6 Shields
 + Level 8.6 Transmutations
 + Level 10.2 Invocations


You had 13 spell levels left.
You knew the following spells:

 Your Spells              Type           Power      Damage    Failure   Level
a - Wereblood             Tmut           13%        N/A       2%          2

Your spell library contained the following spells:

 Spells                   Type           Power      Damage    Failure   Level
 Sting                    Tmut/Pois      24%        1d4       9%          1
 Passwall                 Tmut/Erth      5%         N/A       13%         2
 Apportation              Tloc           0%         N/A       43%         1
 Kiss of Death            Conj/Necr      0%         2d5       43%         1
 Sandblast                Erth           0%         2d4       43%         1
 Ensorcelled Hibernation  Hex/Ice        0%         N/A       56%         2
 Jinxbite                 Hex            0%         N/A       56%         2
 Lesser Beckoning         Tloc           0%         N/A       56%         2
 Poisonous Vapours        Pois/Air       0%         N/A       56%         2
 Confusing Touch          Hex            0%         N/A       80%         3
 Gell's Gravitas          Tloc           0%         N/A       80%         3
 Stone Arrow              Conj/Erth      0%         3d7       80%         3
 Summon Guardian Golem    Hex/Summ       0%         N/A       80%         3
 Swiftness                Air            0%         N/A       80%         3
 Teleport Other           Tloc           0%         N/A       80%         3
 Volatile Blastmotes      Fire/Tloc      0%         2d10      80%         3
 Alistair's Intoxication  Tmut/Pois      4%         N/A       91%         5
 Irradiate                Conj/Tmut      3%         3d12      91%         5
 Brom's Barrelling Bould  Conj/Erth      0%         2d3       99%         4
 Dispel Undead            Necr           0%         3d6       99%         4
 Fulminant Prism          Conj/Hex       0%         3d5       99%         4
 Iskenderun's Mystic Bla  Conj/Tloc      0%         2d3       99%         4
 Olgreb's Toxic Radiance  Pois           0%         N/A       99%         4
 Passage of Golubria      Tloc           0%         N/A       99%         4
 Silence                  Hex/Air        0%         N/A       100%        5
 Orb of Destruction       Conj           0%         9d5       100%        7
 Spellforged Servitor     Conj/Summ      0%         N/A       100%        7
 Lehudib's Crystal Spear  Conj/Erth      0%         10d2      100%        8


Dungeon Overview and Level Annotations

Branches:
Dungeon (13/15)            Temple (1/1) D:5            Lair (5/5) D:8
 Shoals (0/4) Lair:3        Snake (2/4) Lair:2        Slime (0/5) Lair:5
    Orc (2/2) D:10            Elf (0/3) Orc:2
 Vaults: D:13-14

Altars:
Ashenzari
Cheibriados
Dithmenos
Elyvilon
Fedhas
Gozag
Hepliaklqana
Kikubaaqudgha
Makhleb
Nemelex Xobeh
Okawaru
Qazlal
Ru
Sif Muna
Trog
Uskayaw
Vehumet
Wu Jian
Xom
Yredelemnul
Zin
The Shining One

Shops:
D:5 :   D:6 [   D:7 *   D:8 [   D:12 [   Orc:2 =![=

Annotations:
D:4 1 runed translucent door, kae's ghost, amateur DsEn
D:6 3 runed translucent doors, asdu's ghost, novice DgRe
Lair:2 2 transporters, heinrich's ghost, journeyman DjGl
Snake:2 1 transporter, Hih Uni's ghost, journeyman MiFi


Innate Abilities, Weirdness & Mutations

You have a pair of horns on your head.
You reflexively headbutt those who attack you in melee.


Message History

You kill the black mamba!
The shock serpent closely misses you. The nagaraja spits poison at you.
You block the splash of poison. Hih Uni's ghost hits you!!
The salamander completely misses you.
The naga ritualist invokes the aid of its god against you.
You feel yourself grow more vulnerable to poison.
The naga warrior hits you with a +0 dire flail!
* * * LOW HITPOINT WARNING * * *
You block the naga warrior's attack. The shock serpent bites you.
* * * LOW HITPOINT WARNING * * *
The shock serpent shocks you!
* * * LOW HITPOINT WARNING * * *
You block the nagaraja's attack. The nagaraja grabs you.
The nagaraja constricts you.
* * * LOW HITPOINT WARNING * * *
The naga ritualist barely misses you. The salamander closely misses you.
Hih Uni's ghost hits you but does no damage.
The naga warrior hits you but does no damage.
You take 61 damage, and have 12/145 hp.
MASSIVE DAMAGE!!
Okay, then.
As you read the scroll of fear, it crumbles to dust.
You assume a fearsome visage.
The salamander looks frightened!
The shock serpent resists with some effort.
The naga ritualist resists with almost no effort.
The nagaraja resists with almost no effort.
Hih Uni's ghost is unaffected.
The naga warrior looks frightened!
The naga looks frightened!
Your primal bloodlust has ended.
You feel very sick.
* * * LOW HITPOINT WARNING * * *
You are more poisoned.
You block the shock serpent's attack. You block the nagaraja's attack.
The nagaraja constricts you!
* * * LOW HITPOINT WARNING * * *
The naga mutters, "Of all the rotten luck!"
You block the naga ritualist's attack. The shock serpent misses you.
You furiously retaliate!
You headbutt the shock serpent!
The shock serpent's electric aura discharges, shocking you!
You die... ............. . .[...©..... . .. ######### .. ..# 8?"=!)8

#.. ..#© ..... .#.. .
#..#...#..# .
....#.#.WNN.#.#..
....#....@N...#..+#
....#.#.N†S.#.#...#
....#..#.N.#..#...###
....#..!......#..... .#
#..##8.....8##.... .#
#...#########...# .#
#....)..©.......# ##.##
##...†.)........####...#
#####)).....+.........#


You could see a nagaraja (strong), a naga warrior (fleeing), a salamander
(strong, fleeing), a naga ritualist (strong, toxic aura), a shock serpent, a
naga (strong, fleeing) and Hih Uni's ghost.

Vanquished Creatures
  Rupert (D:13)
  Roxanne (Snake:1)
  2 orc warlords
  Azrael (Snake:2)
  The ghost of Cinolulu the Thaumaturge, a journeyman DEIE of Sif Muna (Orc:1)
  A fire dragon (Lair:3)
  Snorg (D:10)
  Harold (D:10)
  Fannar (Orc:1)
  3 hydras
  4 catoblepae
  A boulder beetle (D:11)
  A two-headed ogre (D:9)
  7 anacondas
  2 ogre magi (Orc:2)
  9 death yaks
  10 naga warriors
  A centaur warrior (D:13)
  Urug (Orc:1)
  3 shock serpents
  2 naga sharpshooters (Snake:2)
  Amaemon (D:8)
  Nergalle (Orc:2)
  2 skysharks
  3 sea snakes (Snake:1)
  3 naga ritualists
  3 phantasmal warriors (Snake:2)
  3 orc knights
  An ugly thing (D:12)
  5 mana vipers
  9 orc sorcerers
  2 salamanders
  2 cyclopes (D:13)
  3 manticores
  21 black mambas
  8 naga magi
  4 elephants (Lair:2)
  Joseph (D:8)
  A gargoyle (D:12)
  3 guardian serpents
  A torpor snail (Lair:1)
  Maggie (D:8)
  2 kobold blastminers (Orc:1)
  11 cane toads
  An unseen horror (shapeshifter) (D:13)
  An orange demon (D:8)
  2 rime drakes
  2 spectral nagas (Snake:2)
  9 komodo dragons
  2 polar bears (Lair:4)
  10 trolls
  A hornet (D:8)
  18 blink frogs
  A snapping turtle (Lair:3)
  4 slime creatures (D:12)
  12 wyverns
  A water elemental (Lair:3)
  A wraith (D:10)
  A vampire (D:13)
  53 yaks
  13 vampire mosquitoes
  10 basilisks
  3 fire elementals (Snake:2)
  2 steam dragons
  21 nagas
  A water moccasin (shapeshifter) (D:13)
  13 wargs
  An acid dragon (D:13)
  6 hell hounds
  17 water moccasins
  2 ice beasts (D:6)
  23 orc warriors
  A sky beast (D:7)
  A black bear (D:6)
  9 ogres
  40 wolves
  2 centaurs
  2 phantoms
  A kobold brigand (D:9)
  11 bullfrogs
  A gnoll sergeant (D:9)
  A scorpion (D:5)
  14 killer bees
  12 electric eels
  3 lava snakes (Lair:5)
  4 jellies
  5 hounds
  13 orc priests
  2 gnoll boudas (D:5)
  A sleepcap (D:5)
  Natasha (thrice) (D:2)
  3 iguanas
  40 orc wizards
  13 hell rats
  14 gnolls
  12 adders
  3 shadow imps
  A worm (D:2)
  82 orcs
  5 endoplasms
  3 giant cockroaches
  5 goblins
  8 hobgoblins
  A quokka (D:3)
  5 ball pythons
  5 bats
  4 frilled lizards (D:1)
  7 kobolds
  2 rats
715 creatures vanquished.

Vanquished Creatures (others)
  A human (D:3)
  An orc wizard (Orc:2)
2 creatures vanquished.

Grand Total: 717 creatures vanquished

Notes
Turn   | Place    | Note
-------+----------+-------------------------------------------
     0 | D:1      | Dirtsage the Minotaur Fighter began the quest for the Orb.
     0 | D:1      | Reached XP level 1. HP: 19/19 MP: 0/0
   202 | D:1      | Reached XP level 2. HP: 23/27 MP: 1/1
   252 | D:1      | Found a faded altar of an unknown god.
   493 | D:1      | Reached skill level 3 in Axes
   663 | D:2      | Reached XP level 3. HP: 33/33 MP: 2/2
   780 | D:2      | Noticed Natasha
   786 | D:2      | Killed Natasha
   787 | D:2      | Reached XP level 4. HP: 32/40 MP: 3/3
   938 | D:2      | Noticed Natasha
   944 | D:2      | Killed Natasha
   957 | D:2      | Noticed Natasha
   963 | D:2      | Killed Natasha
   964 | D:2      | Reached skill level 4 in Axes
  1055 | D:2      | Reached XP level 5. HP: 45/47 MP: 4/4
  1448 | D:3      | Found the +7 hand cannon "Mule" {flame, backblast, rF+}
  1581 | D:3      | Found an ancient bone altar of Kikubaaqudgha.
  1584 | D:3      | Noticed a human
  1585 | D:3      | Killed a human
  1651 | D:3      | Found a sacrificial altar of Ru.
  2120 | D:4      | Found a runed translucent door.
  2225 | D:4      | Reached skill level 5 in Fighting
  2225 | D:4      | Reached skill level 5 in Axes
  2225 | D:4      | Reached skill level 5 in Shields
  2225 | D:4      | Reached XP level 6. HP: 50/56 MP: 5/5
  2934 | D:4      | Noticed kae's ghost (amateur DsEn)
  3027 | D:5      | Entered Level 5 of the Dungeon
  3167 | D:5      | Reached skill level 5 in Armour
  3353 | D:5      | Reached skill level 6 in Axes
  3353 | D:5      | Reached XP level 7. HP: 18/61 MP: 6/6
  3885 | D:5      | Learned a level 2 spell: Wereblood
  3889 | D:5      | Found Yxuemypy's Book Boutique.
  3921 | D:5      | Found a staircase to the Ecumenical Temple.
  3986 | Temple   | Entered the Ecumenical Temple
  3995 | Temple   | Became a worshipper of the Shining One
  4240 | D:6      | Found a runed translucent gate.
  4240 | D:6      | Noticed a spectral unseen horror
  4252 | D:6      | Reached skill level 7 in Axes
  4252 | D:6      | Found a runed translucent gate.
  4389 | D:6      | Reached skill level 1 in Invocations
  4441 | D:6      | Reached skill level 1 in Transmutations
  4441 | D:6      | Reached XP level 8. HP: 66/70 MP: 7/7
  4835 | D:6      | Found Diziwude's Armour Shop.
  5093 | D:6      | Found a runed translucent gate.
  5095 | D:6      | Noticed asdu's ghost (novice DgRe)
  5288 | D:7      | Reached * piety under the Shining One
  5330 | D:7      | Reached skill level 8 in Axes
  5379 | D:7      | Found Dam Raakk's Serpentskin Sales.
  5391 | D:7      | Bought a +0 cloak of poison resistance for 102 gold pieces
  5680 | D:7      | Reached XP level 9. HP: 38/79 MP: 9/10
  6011 | D:7      | Found a blossoming altar of Fedhas.
  6023 | D:7      | Found an iron altar of Okawaru.
  6214 | D:8      | Noticed Maggie
  6226 | D:8      | Killed Maggie
  6257 | D:8      | Reached skill level 9 in Axes
  6552 | D:8      | Noticed Amaemon
  6552 | D:8      | Noticed an orange demon
  6569 | D:8      | Killed an orange demon
  6580 | D:8      | Killed Amaemon
  6581 | D:8      | Reached skill level 10 in Axes
  6581 | D:8      | Reached XP level 10. HP: 64/88 MP: 12/12
  6695 | D:8      | Found Xiquamp's Antique Armour Emporium.
  6705 | D:8      | Found a staircase to the Lair.
  7329 | D:8      | Noticed Joseph
  7342 | D:8      | Killed Joseph
  8100 | D:9      | Noticed a two-headed ogre
  8111 | D:9      | Killed a two-headed ogre
  8112 | D:9      | Reached skill level 11 in Axes
  8112 | D:9      | Reached skill level 5 in Invocations
  8569 | D:10     | Entered Level 10 of the Dungeon
  8606 | D:10     | Reached ** piety under the Shining One
  8620 | D:10     | Noticed Snorg
  8633 | D:10     | Killed Snorg
  8634 | D:10     | Reached XP level 11. HP: 48/97 MP: 12/14
  9264 | D:10     | Found a staircase to the Orcish Mines.
  9297 | D:10     | Noticed Harold
  9307 | D:10     | Reached *** piety under the Shining One
  9311 | D:10     | Killed Harold
  9312 | D:10     | Reached skill level 12 in Axes
  9604 | D:10     | Found an ornate altar of the Wu Jian Council.
  9652 | D:11     | Noticed a boulder beetle
  9799 | D:11     | Identified the +7 plate armour of Okawaru's Delight {rCorr
                  | Str+3 Dex+4}
 10340 | D:11     | Killed a boulder beetle
 10341 | D:11     | Reached skill level 5 in Transmutations
 10535 | D:12     | Reached skill level 1 in Dodging
 10628 | D:12     | Reached skill level 10 in Fighting
 10628 | D:12     | Reached skill level 10 in Armour
 10692 | D:12     | Noticed a green ugly thing
 10699 | D:12     | Killed a green ugly thing
 10857 | D:12     | Reached XP level 12. HP: 99/106 MP: 15/15
 10970 | D:12     | Found Xoextidach's Armour Emporium.
 11150 | D:13     | Identified a scroll of acquirement
 11170 | D:13     | Noticed Rupert
 11175 | D:13     | Paralysed by Rupert for 2 turns
 11186 | D:13     | Killed Rupert
 11187 | D:13     | Reached skill level 13 in Axes
 11187 | D:13     | Reached skill level 10 in Shields
 11235 | D:13     | Found a flickering gateway to a bazaar.
 11250 | Bazaar   | Entered a bazaar
 11252 | Bazaar   | Found Ezanian's Armour Boutique.
 11295 | Bazaar   | Found Nont's Magic Scroll Boutique.
 11295 | Bazaar   | Found Bosseki's Assorted Antiques.
 11295 | Bazaar   | Found Lughebev's Assorted Antiques.
 11311 | Bazaar   | Bought a scroll of identify for 64 gold pieces
 11311 | Bazaar   | Bought a cabochon ring for 160 gold pieces
 11319 | Bazaar   | Bought a scroll of identify for 20 gold pieces
 11319 | Bazaar   | Bought a scroll of identify for 20 gold pieces
 11319 | Bazaar   | Bought a scroll of identify for 20 gold pieces
 11319 | Bazaar   | Bought a scroll of fear for 40 gold pieces
 11327 | Bazaar   | Bought a scroll labelled MAGHIO SOWEFI for 27 gold pieces
 11358 | D:13     | Noticed a catoblepas
 11374 | D:13     | Killed a catoblepas
 11497 | D:13     | Noticed a centaur warrior
 11507 | D:13     | Killed a centaur warrior
 11983 | D:13     | Identified the +0 war axe of Dismemberment {pain, rElec rC+
                  | Will+ Str-5}
 12202 | D:13     | Acquired the +0 hat of Purergh {Rampage rPois Int+3}
 12401 | Lair:1   | Entered Level 1 of the Lair of Beasts
 12409 | Lair:1   | Reached **** piety under the Shining One
 12535 | Lair:1   | Found a glowing silver altar of Zin.
 12772 | Lair:1   | Noticed a death yak
 12788 | Lair:1   | Noticed a death yak
 12794 | Lair:1   | Killed a death yak
 12795 | Lair:1   | Reached skill level 14 in Axes
 12805 | Lair:1   | Killed a death yak
 13412 | Lair:2   | Reached XP level 13. HP: 116/116 MP: 17/17
 13424 | Lair:2   | Identified the +4 flail of the Unspeakable One {distort,
                  | Int+3 Stlth+}
 13470 | Lair:2   | Reached skill level 15 in Axes
 13596 | Lair:2   | Found a staircase to the Snake Pit.
 13905 | Lair:2   | Reached skill level 16 in Axes
 13965 | Lair:2   | Found a transporter.
 13969 | Lair:2   | Noticed heinrich's ghost (journeyman DjGl)
 14056 | Lair:2   | Found a transporter.
 14603 | Lair:3   | Reached ***** piety under the Shining One
 14628 | Lair:3   | Reached skill level 17 in Axes
 15475 | Lair:3   | Noticed a fire dragon
 15490 | Lair:3   | Killed a fire dragon
 15491 | Lair:3   | Reached skill level 18 in Axes
 15657 | Lair:3   | Found a staircase to the Shoals.
 15854 | Lair:4   | Reached skill level 5 in Dodging
 16456 | Lair:5   | Entered Level 5 of the Lair of Beasts
 16507 | Lair:5   | Reached XP level 14. HP: 124/124 MP: 18/18
 16574 | Lair:5   | Found a staircase to the Slime Pits.
 17393 | Lair:5   | Identified the +0 pair of gloves of the Original Sin
                  | {Rampage Str+3 Dex+2 Slay+3}
 17921 | Orc:1    | Entered Level 1 of the Orcish Mines
 17922 | Orc:1    | Noticed Urug
 17933 | Orc:1    | Killed Urug
 17933 | Orc:1    | Noticed Fannar
 17937 | Orc:1    | Noticed an orc warlord
 17940 | Orc:1    | Killed Fannar
 17963 | Orc:1    | Killed an orc warlord
 18182 | Orc:1    | Found a runed translucent gate.
 18183 | Orc:1    | Found a runed translucent gate.
 18183 | Orc:1    | Found a runed translucent gate.
 18186 | Orc:1    | Noticed Cinolulu's ghost (journeyman DEIE)
 18204 | Orc:1    | Killed Cinolulu's ghost
 18286 | Orc:2    | Entered Level 2 of the Orcish Mines
 18286 | Orc:2    | Found a staircase to the Elven Halls.
 18299 | Orc:2    | Noticed an orc warlord
 18310 | Orc:2    | Killed an orc warlord
 18315 | Orc:2    | Reached ****** piety under the Shining One
 18348 | Orc:2    | Found Mezalo Jayne's Distillery.
 18512 | Orc:2    | Paralysed by an orc sorcerer for 3 turns
 18532 | Orc:2    | Found a radiant altar of Vehumet.
 18536 | Orc:2    | Paralysed by an orc sorcerer for 2 turns
 18545 | Orc:2    | Reached XP level 15. HP: 134/134 MP: 20/20
 18558 | Orc:2    | Noticed Nergalle
 18562 | Orc:2    | Killed Nergalle
 18565 | Orc:2    | Found an ancient bone altar of Kikubaaqudgha.
 18592 | Orc:2    | Found Nanebliela's Jewellery Emporium.
 18627 | Orc:2    | Found Vaklos's Antique Armour Shoppe.
 18629 | Orc:2    | Found Ydoegig's Jewellery Emporium.
 18645 | Orc:2    | Found Udiut's Magic Scroll Emporium.
 18668 | Orc:2    | Bought a scroll of identify for 28 gold pieces
 18668 | Orc:2    | Bought a scroll of identify for 28 gold pieces
 18668 | Orc:2    | Bought a scroll of summoning for 133 gold pieces
 18668 | Orc:2    | Bought a scroll of identify for 28 gold pieces
 18668 | Orc:2    | Bought a scroll of immolation for 56 gold pieces
 18668 | Orc:2    | Bought a scroll of fear for 56 gold pieces
 18677 | Orc:2    | Bought a glowing cloak for 255 gold pieces
 18876 | Orc:2    | Bought a potion of enlightenment for 85 gold pieces
 18876 | Orc:2    | Bought a potion of haste for 170 gold pieces
 18876 | Orc:2    | Bought a potion of heal wounds for 85 gold pieces
 18876 | Orc:2    | Bought a potion of curing for 51 gold pieces
 18876 | Orc:2    | Bought a potion of curing for 51 gold pieces
 18876 | Orc:2    | Bought a potion of curing for 51 gold pieces
 18947 | Orc:2    | Bought a ring of flight for 245 gold pieces
 19329 | Snake:1  | Entered Level 1 of the Snake Pit
 19648 | Snake:1  | Noticed Roxanne
 19717 | Snake:1  | Killed Roxanne
 20754 | Snake:2  | Reached skill level 10 in Invocations
 21035 | Snake:2  | Noticed Azrael
 21048 | Snake:2  | Killed Azrael
 21093 | Snake:2  | Noticed Hih Uni's ghost (journeyman MiFi)
 21095 | Snake:2  | Noticed a nagaraja
 21096 | Snake:2  | Found a transporter.
 21118 | Snake:2  | Found the amulet of the Four Winds {rN+ Will+++ Clar}
 21118 | Snake:2  | Found a transporter.
 21121 | Snake:2  | Reached XP level 16. HP: 73/145 MP: 22/22
 21122 | Snake:2  | HP: 1/145 [constriction (7)]
 21122 | Snake:2  | Killed from afar by a shock serpent

Illustrated notes

Levels and vault maps discovered:
D:1:      dpeg_arrival_rooms_a, layout_basic, shapermc_ecumenical_altar_pompeii
D:2:      layout_rooms, eino_tiny_chamber, grunt_ministairs_12,
          amcnicky_mini_corridor_feature, guppyfry_early_lair_pool, uniq_natasha
D:3:      layout_loops_ring, nicolae_ru_the_path_less_chosen, tgw_kikubaaqudgha,
          item_on_display_b
D:4:      layout_basic, ebering_ghost_reflecting_pool
D:5:      layout_loops_cross, temple_green, serial_shops, shop
D:6:      layout_loops_ring, gammafunk_ghost_necromancy, serial_shops, shop,
          chequers_serial_rivers_micro_b, serial_bayou_pond_a
D:7:      layout_loops_ring, amethyst_overflow_temple_binary, glass_columns_a,
          guppyfry_shop_venom
D:8:      layout_cave_pods, david_lair_shrubbed, serial_shops,
          nicolae_shop_advertising_works [nicolae_subvault_shop_adworks],
          uniq_joseph, uniq_amaemon, uniq_maggie
D:9:      layout_big_octagon
D:10:     layout_cave_pools, nicolae_wu_jian_immortal_techniques, erik_orc_4,
          uniq_harold, uniq_snorg
D:11:     layout_stronghold
D:12:     layout_roguey, serial_shops, shop
D:13:     layout_layer_cave, serial_shops, bzr_entry_dummy, uniq_rupert
Temple:   sentei_temple_godly_chess
Lair:1:   layout_big_grid, basic_altar, serial_bayou_shore_a
Lair:2:   layout_gridlike, minmay_snake_entry_six_corridors,
          gammafunk_ghost_arena
Lair:3:   dragon1_lemuel, layout_loops_ring, minmay_shoals_entry_hut,
          special_room [special_room_mythical_zoo], infiniplex_staircase_pool_2
Lair:4:   layout_hall_layers, chequers_serial_rivers_marsh,
          cheibrodos_lair_caveside_slide, dreamdust_mushroom_princess,
          serial_bayou_shore_b
Lair:5:   evilmike_catoblepas_cave, layout_cave_pods, slime_entry_2,
          nicolae_lair_liquid_snakes, serial_bayou_shore_b,
          infiniplex_staircase_pool
Snake:1:  layout_chambers, serial_bayou_lagoon_b, uniq_roxanne
Snake:2:  layout_gridlike, gammafunk_ghost_arena,
          nicolae_snake_ghostly_warrior_ritual, grunt_megastairs_3, uniq_azrael
Orc:1:    layout_caves, ebering_ghost_rock_garden, serial_shops, uniq_fannar,
          uniq_urug
Orc:2:    kennysheep_orc_mage_school, layout_caves, serial_shops, shop

Skill      XL: |  1  2  3  4  5  6  7  8  9 10 11 12 13 14 15 |
---------------+----------------------------------------------+-----
Armour         | 4 5 6 8 9 10 11 12 13 | 13.7
Fighting       | 4 5 6 7 8 9 10 11 12 13 | 13.7
Axes           | 3 4 5 6 7 8 10 11 12 14 18 | 18.0
Shields        | 4 5 6 7 9 10 11 12 13 | 13.6
Invocations    | 1 2 4 5 6 7 9 10 | 10.2
Transmutations | 1 2 3 4 5 6 7 8 |  8.6
Dodging        | 2 4 5 7 9 |  9.3

Action                     |  1- 3 |  4- 6 |  7- 9 | 10-12 | 13-15 | 16-18 || total
---------------------------+-------+-------+-------+-------+-------+-------++-------
  Melee: War axe           |    76 |   134 |   210 |   438 |   239 |       ||  1097
         Headbutt          |     8 |    20 |    51 |   129 |   204 |     1 ||   413
         Broad axe         |       |       |       |       |   484 |     1 ||   485
         Flail             |       |       |       |       |    44 |       ||    44
  Throw: Dart              |       |       |     3 |     8 |       |       ||    11
   Cast: Wereblood         |       |       |       |       |    12 |       ||    12
 Invoke: Divine Shield     |       |       |     2 |     5 |     2 |       ||     9
  Evoke: Wand              |       |       |       |       |     1 |       ||     1
    Use: Potion            |       |     6 |     2 |     2 |     2 |       ||    12
         Scroll            |       |       |     2 |    13 |    16 |     1 ||    32
 Armour: Scale mail        |    48 |   124 |   130 |     4 |       |       ||   306
         Skin              |       |     5 |       |       |       |       ||     5
         Steam dragon scal |       |       |    15 |   132 |       |       ||   147
         Leather armour    |       |       |       |    29 |       |       ||    29
         Plate armour      |       |       |       |   132 |   427 |       ||   559
         Fire dragon scale |       |       |       |       |    94 |     7 ||   101
  Dodge: Dodged            |    26 |    41 |    79 |   165 |   387 |     6 ||   704
         Repelled          |       |       |       |     1 |    21 |       ||    22
  Block: Buckler           |    15 |    24 |       |       |       |       ||    39
         Kite shield       |       |    27 |   132 |   328 |   533 |     6 ||  1026

Table legend: (Time is in decaauts)
 A = Elapsed time spent in this place.
 B = Non-inter-level travel time spent in this place.
 C = Inter-level travel time spent in this place.
 D = Time resting spent in this place.
 E = Time spent auto-exploring this place.
 F = Levels seen in this place.
 G = Mean time per level.
                   A        B        C        D        E       F      G
               +--------+--------+--------+--------+--------+-----+--------+
         Total |  21286 |  20051 |   1235 |    219 |  16269 |  24 |  886.9 |
       Dungeon |  12577 |  11904 |    673 |      0 |  10095 |  13 |  967.5 |
        Temple |     16 |     10 |      6 |      0 |      0 |   1 |   16.0 |
          Lair |   5496 |   5116 |    380 |    171 |   3946 |   5 | 1099.2 |
     Snake Pit |   1837 |   1798 |     39 |     48 |   1303 |   2 |  918.5 |
  Orcish Mines |   1260 |   1125 |    135 |      0 |    857 |   2 |  630.0 |
        Bazaar |     98 |     98 |      0 |      0 |     67 |   1 |   98.0 |
               +--------+--------+--------+--------+--------+-----+--------+

Top non-repeatable levels by time:
     D:8: 1538 daAuts
 Snake:1: 1416 daAuts
  Lair:2: 1325 daAuts
  Lair:5: 1284 daAuts
  Lair:3: 1194 daAuts
     D:4: 1192 daAuts
    D:10: 1167 daAuts
     D:5: 1160 daAuts
     D:6: 1114 daAuts
     D:9: 1063 daAuts
  Lair:1: 1056 daAuts
    D:13: 976 daAuts
     D:7: 925 daAuts
    D:11: 884 daAuts
   Orc:2: 874 daAuts
